Map: Newkirk Precinct TE (Void)

Players

Musumeci - Winner!

  • Race: Zerg Zerg
  • League: Diamond
  • Spawn Location: 7:00

GoodFella

  • Race: Zerg Zerg
  • League: Diamond
  • Spawn Location: 5:00

VOD

Have the link to the VOD?

Description

Time

  • Played on: Feb. 9, 2017, 3:45 p.m.
  • Length: 14:14
Show
View Real Time Build Order
Export as new Build Order

Musumeci Zerg - Winner!

Build Orders: Pool First 

Get SALT Encoding   

  12  0:05  Drone  
  13  0:10  Drone  
  14  0:32  Overlord  
  14  0:39  Drone x2, Extractor x2  
  16  0:51  Drone  
  16  0:56  Spawning Pool  
  16  0:57  Extractor  
  15  1:15  Hatchery  
  14  1:27  Drone  
  15  1:42  Zergling x6  
  15  1:45  Queen  
  20  1:54  Zergling x2  
  21  2:04  Metabolic Boost  
  21  2:06  Overlord  
  21  2:20  Baneling Nest  
  20  2:27  Drone x2  
  20  2:29  Drone  
  23  2:55  Drone x2  
  25  2:59  Zergling x10  
  30  3:09  Queen  
  32  3:25  Drone  
  32  3:26  Drone x2, Evolution Chamber  
  34  3:45  Zergling x2  
  34  3:47  Overlord x2  
  27  4:05  Baneling  
  27  4:06  Baneling, Zerg Ground Armor Level 1  
  27  4:08  Zergling x2  
  27  4:09  Zergling x6  
  31  4:16  Baneling x3  
  31  4:36  Drone x2  
  31  4:37  Drone x2  
  31  4:38  Drone  
  36  4:40  Overlord  
  36  4:41  Zergling x6  
  39  4:52  Zergling x4  
  41  5:03  Zergling x2  
  41  5:04  Zergling x6  
  39  5:39  Zergling x22  
  45  5:51  Baneling x2  
  43  6:01  Zergling x14  
  49  6:11  Zergling x2  
  49  6:13  Baneling x3  
  49  6:15  Baneling  
  46  6:25  Zergling x2  
  46  6:26  Zergling x8  
  37  7:06  Zergling x10  
  37  7:07  Zergling x2  
  36  7:25  Zergling x4  
  38  7:39  Zergling x2  
  38  7:40  Zergling x6  
  38  7:43  Spore Crawler x2  
  39  7:45  Spore Crawler  
  39  7:46  Queen, Spore Crawler  
  39  7:47  Queen, Spore Crawler  
  39  7:48  Spore Crawler  
  39  7:49  Hatchery  
  37  7:57  Drone x3  
  40  8:02  Zergling x8  
  40  8:05  Zerg Melee Weapons Level 1  
  44  8:12  Overlord  
  44  8:14  Overlord x2  
  44  8:18  Baneling x2  
  40  8:38  Zergling x6  
  40  8:39  Zergling x6  
  39  8:50  Zergling x14  
  46  8:55  Queen  
  46  8:57  Queen  
  46  8:58  Drone  
  48  9:12  Zergling x4  
  48  9:13  Queen  
  50  9:33  Queen  
  47  9:44  Zergling x12  
  47  9:45  Zergling x6  
  50  9:56  Spore Crawler  
  50  9:57  Spore Crawler  
  43  10:33  Drone x6  
  48  10:38  Drone  
  48  10:39  Drone x5  
  48  10:42  Overlord x3  
  49  11:01  Lair  
  49  11:02  Zergling x8  
  49  11:03  Zergling x6  
  56  11:27  Drone x3  
  56  11:29  Drone x3  
  62  11:36  Extractor  
  55  12:02  Zergling x10  
  55  12:03  Zergling x14  
  55  12:05  Overlord  
  55  12:06  Overlord x2  
  66  12:25  Nydus Network, Queen  
  66  12:26  Queen x2  
  66  12:28  Spore Crawler  
  70  12:30  Zergling x14  
  70  12:31  Zergling x6  
  70  12:35  Overseer  
  80  12:44  Zergling x12  
  76  13:24  Nydus Canal  
  59  13:38  Nydus Canal  
  59  13:41  Zergling x28  
Show
View Real Time Build Order
Export as new Build Order

GoodFella Zerg 

Build Orders: Hatch First 

Get SALT Encoding   

  12  0:01  Drone  
  13  0:13  Overlord  
  13  0:18  Drone  
  14  0:31  Drone x2  
  14  0:35  Drone  
  17  0:54  Hatchery  
  16  1:09  Spawning Pool  
  16  1:10  Drone  
  16  1:14  Extractor  
  16  1:15  Drone  
  16  1:20  Drone  
  17  1:29  Drone  
  18  1:40  Drone  
  19  1:47  Drone  
  20  1:56  Queen  
  22  2:06  Queen  
  22  2:07  Zergling x4  
  26  2:09  Overlord  
  26  2:15  Zergling x2  
  27  2:18  Metabolic Boost  
  27  2:21  Zergling x2  
  28  2:29  Zergling x4  
  30  2:35  Baneling Nest  
  29  2:52  Zergling x6  
  29  2:53  Zergling x2  
  29  2:57  Queen  
  35  3:02  Drone  
  36  3:07  Overlord  
  36  3:28  Queen  
  36  3:29  Drone x3  
  36  3:30  Drone  
  43  3:34  Drone  
  43  3:35  Baneling  
  43  3:53  Zergling x4  
  43  3:54  Zergling x6  
  43  3:59  Overlord  
  43  4:09  Overlord  
  43  4:19  Overlord  
  43  4:24  Lair  
  43  4:30  Drone  
  43  4:31  Drone x7  
  51  4:39  Extractor  
  51  4:42  Drone x2  
  51  4:43  Drone x2  
  54  4:54  Drone x4  
  58  5:02  Extractor  
  58  5:04  Zergling x2, Extractor  
  58  5:05  Zergling x4  
  59  5:09  Overlord x2  
  59  5:11  Baneling x4  
  48  5:38  Zergling x4  
  48  5:39  Zergling x14  
  55  5:49  Spire  
  52  5:50  Zergling x4  
  43  6:13  Baneling x4  
  43  6:16  Zergling x12  
  49  6:23  Queen  
  49  6:24  Overlord x2  
  47  6:31  Zergling x12  
  42  6:46  Zergling x4  
  42  6:54  Baneling x2  
  38  7:03  Mutalisk x4  
  38  7:20  Mutalisk x2  
  42  7:30  Mutalisk  
  42  7:37  Zergling x10  
  49  7:49  Drone x4  
  53  7:58  Mutalisk  
  55  8:00  Drone  
  56  8:09  Mutalisk  
  58  8:23  Mutalisk  
  58  8:24  Mutalisk x2  
  51  8:36  Drone x3  
  51  8:38  Drone  
  50  8:43  Drone  
  49  8:50  Drone  
  49  8:51  Drone  
  49  8:54  Drone  
  52  8:58  Drone  
  53  9:05  Drone  
  54  9:10  Zergling x2  
  54  9:11  Zergling x4  
  57  9:31  Mutalisk x3  
  52  9:36  Drone  
  52  9:37  Drone  
  53  9:39  Drone  
  53  9:45  Drone  
  55  9:50  Drone  
  56  9:53  Drone  
  56  9:59  Drone  
  58  10:00  Drone  
  54  10:17  Drone x4  
  58  10:21  Drone  
  58  10:23  Drone  
  58  10:26  Drone  
  59  10:32  Drone  
  60  10:38  Drone  
  60  10:40  Drone  
  62  10:44  Drone  
  62  10:49  Drone  
  65  10:50  Drone  
  65  10:55  Drone  
  65  10:56  Drone  
  67  10:58  Drone  
  68  11:07  Zergling x4  
  70  11:23  Queen  
  72  11:29  Roach Warren  
  71  11:33  Mutalisk x3  
  71  11:39  Drone x2  
  79  11:53  Hatchery  
  68  12:08  Drone x6  
  74  12:24  Drone x2  
  74  12:25  Drone x4  
  80  12:37  Zergling x4  
  80  12:41  Mutalisk x2  
  78  13:05  Mutalisk  
  78  13:06  Mutalisk x6  
  69  13:23  Mutalisk x2  
Tags
 
Add a new tag
Caveats
  • Supply blocks, unpowered buildings, or Contaminate may cause inaccurate times.
  • Supply counts are checked every 10 seconds.